Map: Bel'Shir-Ruinen LE (Void)

Players

Wizzle - Winner!

  • Race: Zerg Zerg
  • League: Master
  • Spawn Location: 11:00

K.I.-1 (Extrem)

  • Race: Terran Terran
  • Spawn Location: 5:00

VOD

Have the link to the VOD?

Description

Time

  • Played on: March 14, 2017, 8:30 p.m.
  • Length: 10:04
Show
View Real Time Build Order
Export as new Build Order

Wizzle Zerg - Winner!

Build Orders: Hatch First, Muta Ling Bane 

Get SALT Encoding   

  12  0:01  Drone  
  13  0:12  Overlord  
  13  0:16  Drone  
  14  0:31  Drone x2  
  16  0:36  Drone  
  17  0:53  Hatchery  
  17  0:54  Drone  
  18  0:57  Drone  
  18  1:10  Extractor  
  17  1:12  Spawning Pool  
  17  1:17  Drone  
  17  1:18  Drone  
  18  1:28  Drone  
  19  1:43  Overlord  
  19  2:00  Zergling x2  
  19  2:01  Queen  
  20  2:02  Zergling x2  
  20  2:04  Queen  
  20  2:05  Zergling x2  
  26  2:10  Metabolic Boost  
  26  2:12  Drone  
  27  2:23  Drone  
  27  2:24  Drone  
  29  2:36  Queen  
  29  2:37  Overlord  
  29  2:38  Drone x2  
  33  2:50  Overlord  
  33  2:51  Drone  
  34  2:53  Pneumatized Carapace  
  34  2:58  Drone  
  34  2:59  Drone  
  36  3:06  Drone  
  37  3:14  Hatchery  
  36  3:20  Drone x3  
  36  3:26  Drone x2  
  36  3:27  Drone  
  42  3:29  Drone  
  43  3:43  Evolution Chamber x2  
  43  3:44  Drone x2  
  43  3:45  Overlord, Drone  
  44  3:54  Queen  
  46  3:56  Queen  
  48  4:09  Zerg Ground Armor Level 1  
  48  4:20  Zerg Melee Weapons Level 1  
  48  4:22  Overlord  
  48  4:23  Zergling x2  
  48  4:24  Zergling x16  
  57  4:25  Zergling x2  
  58  4:33  Queen  
  58  4:38  Overlord x2  
  60  4:44  Zergling x10  
  61  5:08  Zergling x6  
  61  5:09  Zergling x18  
  72  5:16  Drone x2  
  72  5:18  Queen  
  63  5:37  Drone x7  
  70  5:44  Lair  
  70  5:45  Hatchery  
  70  5:47  Baneling Nest  
  70  5:48  Drone x4  
  70  5:49  Extractor, Drone  
  71  5:50  Extractor  
  70  5:57  Drone x3  
  70  5:58  Drone x2  
  70  5:59  Drone  
  76  6:15  Extractor, Drone x2  
  76  6:16  Drone x3  
  80  6:20  Drone x3  
  80  6:21  Overlord x2  
  80  6:22  Drone  
  84  6:26  Extractor  
  83  6:37  Drone x4  
  83  6:38  Extractor  
  83  6:39  Drone x3  
  89  6:43  Hatchery  
  88  6:51  Zerg Melee Weapons Level 2, Zerg Ground Armor Level 2  
  88  6:53  Drone  
  88  6:54  Drone x2  
  90  6:55  Overlord  
  90  6:56  Zergling x6  
  90  6:57  Zergling x2  
  95  7:02  Centrifical Hooks  
  95  7:05  Baneling x3  
  95  7:08  Queen  
  97  7:20  Zergling x22  
  108  7:26  Overlord x2  
  108  7:29  Overseer  
  108  7:35  Overlord x2  
  108  7:36  Zergling x2  
  109  7:37  Zergling x10  
  109  7:40  Overlord  
  109  7:42  Overseer  
  114  7:44  Baneling  
  114  7:45  Baneling x13  
  114  7:47  Zergling x4  
  116  8:00  Queen  
  116  8:04  Zergling x18  
  116  8:05  Zergling x8  
  131  8:11  Spire  
  130  8:37  Zergling x2  
  130  8:38  Zergling x36  
  130  8:39  Zergling x2  
  150  8:42  Baneling x6  
  150  8:50  Hatchery  
  150  8:53  Infestation Pit  
  148  9:07  Zergling x2  
  148  9:08  Zergling x18  
  120  9:37  Mutalisk  
  120  9:38  Mutalisk x14  
  120  9:43  Overseer x2  
  144  9:45  Zergling x2  
  144  9:46  Zergling x18  
Show
View Real Time Build Order
Export as new Build Order

K.I.-1 (Extrem) Terran 

Build Orders: Command Center First (CC), MMM Bio 

Get SALT Encoding   

  12  0:00  SCV  
  13  0:13  SCV  
  14  0:19  Supply Depot  
  14  0:25  SCV  
  15  0:41  SCV  
  16  0:53  SCV  
  17  1:04  Command Center  
  17  1:05  SCV  
  18  1:17  Barracks, SCV  
  19  1:40  Refinery  
  19  1:51  Supply Depot  
  19  1:52  SCV  
  20  2:04  Refinery, Marine  
  20  2:05  Orbital Command  
  21  2:15  SCV  
  21  2:22  Marine  
  23  2:28  SCV  
  24  2:31  SCV  
  25  2:40  Orbital Command, Marine  
  26  2:49  Factory, SCV  
  27  2:57  Marine  
  28  3:01  Factory  
  28  3:02  SCV  
  29  3:06  SCV  
  30  3:14  SCV  
  30  3:15  Marine  
  30  3:18  SCV  
  30  3:19  Supply Depot  
  33  3:26  SCV  
  34  3:30  SCV  
  34  3:33  Factory Tech Lab, Marine  
  36  3:38  SCV  
  37  3:42  SCV  
  37  3:45  Factory Tech Lab  
  38  3:50  SCV  
  38  3:51  Marine  
  38  3:53  Supply Depot, Siege Tank  
  38  3:54  SCV  
  45  4:02  SCV  
  45  4:03  Siege Tank  
  45  4:06  SCV  
  49  4:10  Supply Depot, Marine  
  49  4:14  SCV  
  51  4:18  SCV  
  51  4:19  Supply Depot  
  52  4:25  Siege Tank  
  52  4:27  SCV  
  52  4:30  SCV  
  57  4:32  Supply Depot  
  57  4:37  Marine  
  58  4:39  SCV  
  58  4:43  SCV  
  60  4:46  Barracks, Siege Tank  
  60  4:51  SCV  
  63  4:55  SCV  
  63  4:56  Supply Depot, Marine  
  65  5:03  Refinery, SCV  
  65  5:06  Refinery  
  66  5:07  SCV  
  58  5:15  Barracks Tech Lab, SCV  
  58  5:19  SCV  
  53  5:27  SCV  
  44  5:31  SCV  
  44  5:32  Marine  
  44  5:33  Marine  
  44  5:35  Barracks  
  44  5:37  Stimpack  
  44  5:39  SCV  
  45  5:43  SCV  
  46  5:51  Engineering Bay, Marauder, SCV, Barracks Reactor  
  46  5:55  SCV  
  50  6:03  SCV  
  51  6:07  SCV  
  52  6:12  Marine  
  52  6:15  SCV  
  54  6:19  Terran Infantry Weapons Level 1, SCV  
  54  6:21  Missile Turret  
  54  6:22  Barracks Tech Lab  
  55  6:28  SCV  
  55  6:30  Marauder  
  55  6:31  SCV  
  59  6:39  Marine  
  60  6:40  Engineering Bay, Combat Shields, SCV  
  60  6:41  Marauder  
  60  6:44  SCV  
  64  6:49  Marine  
  64  6:52  Marauder, SCV  
  68  6:56  SCV  
  69  7:03  Command Center  
  68  7:08  Terran Infantry Armor Level 1  
  68  7:10  SCV  
  68  7:11  SCV  
  70  7:17  Marauder  
  70  7:21  Marauder  
  70  7:22  SCV  
  75  7:24  SCV  
  76  7:32  Hellion  
  76  7:34  SCV  
  76  7:36  SCV  
  80  7:39  Marauder  
  80  7:43  Marauder  
  84  7:44  Supply Depot  
  84  7:46  SCV  
  84  7:48  SCV  
  84  7:51  Hellion  
  88  7:55  Hellion  
  88  7:58  SCV  
  91  8:00  SCV  
  91  8:04  Concussive Shells  
  92  8:09  Supply Depot, Marine  
  92  8:10  SCV  
  92  8:12  SCV, Hellion  
  96  8:14  Marine  
  96  8:16  Marine  
  98  8:22  SCV  
  99  8:30  Marine  
  99  8:31  Marine  
  99  8:32  Marine, Hellion  
  99  8:33  Supply Depot, Hellion  
  106  8:47  Command Center  
  106  8:53  Hellion  
  106  8:55  Hellion  
  110  8:57  Supply Depot  
  110  9:11  Marauder  
  110  9:13  Marine  
  110  9:14  Hellion, Marine  
  110  9:16  Hellion, Marine  
  52  9:31  Marine  
  52  9:33  Marauder  
  52  9:35  Marine  
  52  9:36  Hellion  
  45  9:42  Marine  
  29  9:48  SCV  
Tags
 
Add a new tag
Caveats
  • Supply blocks, unpowered buildings, or Contaminate may cause inaccurate times.
  • Supply counts are checked every 10 seconds.